| TOP OF THE 1ST |
|
Batavia Muckdogs batting - Pitching for West Virginia Black Bears : RHP Jerry Spitler
|
|
Pitching: RHP Jerry Spitler
|
|
|
Batting: RHB Hiromitsu Yamada
|
0-0: Called Strike 0-1: Called Strike 0-2: Ball 1-2: Ball 2-2: Ball 3-2: Foul Ball, location: 2F 3-2: Strikes out swinging
|
|
Batting: LHB Danny Treto
|
0-0: Ball 1-0: Foul Ball, location: 2F 1-1: Foul Ball, location: 2F 1-2: Ground out 4-3 (Groundball, 4, EV 89.4 MPH)
|
|
Batting: RHB Reomel Somera
|
0-0: Ball 1-0: Ball 2-0: Foul Ball, location: 2F 2-1: Swinging Strike 2-2: Strikes out swinging
|
| Top of the 1st over - 0 runs, 0 hits, 0 errors, 0 left on base; Batavia 0 - West Virginia 0 |
| BOTTOM OF THE 1ST |
|
West Virginia Black Bears batting - Pitching for Batavia Muckdogs : RHP Rodolfo Mendez
|
|
Pitching: RHP Rodolfo Mendez
|
|
|
Batting: RHB Dave Fredericks
|
0-0: Ball 1-0: SINGLE (Groundball, P, EV 86.9 MPH) (infield hit)
|
|
Batting: RHB Brandon White
|
0-0: Called Strike 0-1: Ball Passed Ball! Dave Fredericks to second 1-1: Called Strike 1-2: Ball 2-2: Fly out, F8 (Flyball, 8LD, EV 88.8 MPH) Runner from 2nd tags up, SAFE at 3rd with throw by CF
|
|
Batting: RHB Jaime Dubicki
|
0-0: Ball 1-0: Called Strike 1-1: Ball 2-1: Ball 3-1: Base on Balls
|
|
Batting: LHB Donald Imre
|
0-0: Foul Ball, location: 2F 0-1: Ball 1-1: Called Strike 1-2: Ball 2-2: DOUBLE (Flyball, 78XD, EV 108.1 MPH) Dave Fredericks scores Jaime Dubicki to third Runner from 3rd tries for Home, SAFE, throw by LF to home
|
|
Batting: RHB Tim Moore
|
0-0: Called Strike 0-1: Ball 1-1: Called Strike 1-2: Ball 2-2: Strikes out swinging
|
|
Batting: RHB Killian Jones
|
0-0: Ball 1-0: Ground out 5-3 (Groundball, 56S, EV 72.5 MPH)
|
| Bottom of the 1st over - 2 runs, 2 hits, 0 errors, 1 left on base; Batavia 0 - West Virginia 2 |
| TOP OF THE 2ND |
|
Batavia Muckdogs batting - Pitching for West Virginia Black Bears : RHP Jerry Spitler
|
|
Batting: RHB Justin Dunham
|
0-0: SINGLE (Groundball, 6MD, EV 103.1 MPH)
|
|
Batting: SHB Greg Rivera
|
0-0: Swinging Strike 0-1: Ball 1-1: Swinging Strike 1-2: Ball 2-2: Strikes out swinging
|
|
Batting: RHB Andy Kelly
|
0-0: Called Strike 0-1: Foul Ball, location: 2F 0-2: Ball 1-2: Foul Ball, location: 2F 1-2: Fielders Choice at 2nd, 5-4 (Groundball, 56, EV 88.8 MPH)
|
|
Batting: RHB Jason Thrash
|
0-0: Ball 1-0: SINGLE (Groundball, 6MD, EV 96.9 MPH) Andy Kelly to second
|
|
Batting: RHB Calvin Morin
|
0-0: Fly out, F7 (Flyball, 7, EV 86.2 MPH)
|
| Top of the 2nd over - 0 runs, 2 hits, 0 errors, 2 left on base; Batavia 0 - West Virginia 2 |
| BOTTOM OF THE 2ND |
|
West Virginia Black Bears batting - Pitching for Batavia Muckdogs : RHP Rodolfo Mendez
|
|
Batting: LHB Aito Harada
|
0-0: Foul Ball, location: 2F 0-1: Foul Ball, location: 2F 0-2: Foul Ball, location: 2F 0-2: Ball 1-2: Ball 2-2: Strikes out swinging
|
|
Batting: RHB Bob Raine
|
0-0: Ball 1-0: DOUBLE (Line Drive, 7LM, EV 106.9 MPH)
|
|
Batting: RHB Tyler West
|
0-0: Foul Ball, location: 2F 0-1: Ball 1-1: Ground out U3 (Groundball, 3, EV 90.0 MPH) Bob Raine to third
|
|
Batting: RHB Dave Fredericks
|
0-0: Ball 1-0: Swinging Strike 1-1: Foul Ball, location: 2F 1-2: Ball 2-2: Ball 3-2: Foul Ball, location: 2F 3-2: Foul Ball, location: 2F 3-2: Foul Ball, location: 2F 3-2: Foul Ball, location: 2F 3-2: Foul Ball, location: 2F 3-2: Fly out, F7 (Flyball, 7S, EV 83.1 MPH)
|
| Bottom of the 2nd over - 0 runs, 1 hit, 0 errors, 1 left on base; Batavia 0 - West Virginia 2 |
| TOP OF THE 3RD |
|
Batavia Muckdogs batting - Pitching for West Virginia Black Bears : RHP Jerry Spitler
|
|
Batting: RHB Jeremy Dennis
|
0-0: Ball 1-0: Foul Ball, location: 2F 1-1: Foul Ball, location: 2F 1-2: SINGLE (Flyball, 89S, EV 89.4 MPH)
|
|
Batting: RHB Hiromitsu Yamada
|
0-0: Ball Jeremy Dennis is caught stealing 2nd base 2-4 1-0: Swinging Strike 1-1: Ball 2-1: SINGLE (Groundball, 6MD, EV 103.1 MPH)
|
|
Batting: LHB Danny Treto
|
0-0: Ball 1-0: Ball Wild Pitch! Hiromitsu Yamada to second 2-0: Foul Ball, location: 2F 2-1: SINGLE (Groundball, 4D, EV 94.4 MPH) Hiromitsu Yamada to third
|
|
Batting: RHB Reomel Somera
|
0-0: Ball 1-0: Called Strike 1-1: Ball 2-1: Called Strike 2-2: Strikes out looking
|
|
Batting: RHB Justin Dunham
|
0-0: Ball 1-0: Foul Ball, location: 2F 1-1: SINGLE (Flyball, 78S, EV 91.2 MPH) Hiromitsu Yamada scores Danny Treto to second
|
|
Batting: SHB Greg Rivera
|
0-0: Called Strike 0-1: Swinging Strike 0-2: Ball 1-2: Foul Ball, location: 2F 1-2: Strikes out swinging
|
| Top of the 3rd over - 1 run, 4 hits, 0 errors, 2 left on base; Batavia 1 - West Virginia 2 |
| BOTTOM OF THE 3RD |
|
West Virginia Black Bears batting - Pitching for Batavia Muckdogs : RHP Rodolfo Mendez
|
|
Batting: RHB Brandon White
|
0-0: Foul Ball, location: 2F 0-1: Foul Ball, location: 2F 0-2: Strikes out swinging
|
|
Batting: RHB Jaime Dubicki
|
0-0: Ball 1-0: Ground out 5-3 (Groundball, 25, EV 86.9 MPH)
|
|
Batting: LHB Donald Imre
|
0-0: Foul Ball, location: 2F 0-1: Called Strike 0-2: Ball 1-2: Ball 2-2: Strikes out swinging
|
| Bottom of the 3rd over - 0 runs, 0 hits, 0 errors, 0 left on base; Batavia 1 - West Virginia 2 |
| TOP OF THE 4TH |
|
Batavia Muckdogs batting - Pitching for West Virginia Black Bears : RHP Jerry Spitler
|
|
Batting: RHB Andy Kelly
|
0-0: Foul Ball, location: 2F 0-1: Foul Ball, location: 2F 0-2: Ball 1-2: Foul Ball, location: 2F 1-2: Ball 2-2: Foul Ball, location: 2F 2-2: Ground out 4-3 (Groundball, 4, EV 91.9 MPH)
|
|
Batting: RHB Jason Thrash
|
0-0: Swinging Strike 0-1: Foul Ball, location: 2F 0-2: Ball 1-2: SINGLE (Groundball, 56D, EV 102.5 MPH)
|
|
Batting: RHB Calvin Morin
|
0-0: Ball 1-0: Called Strike 1-1: Foul Ball, location: 2F 1-2: Foul Ball, location: 2F 1-2: SINGLE (Groundball, P, EV 91.2 MPH) (infield hit) Jason Thrash to second
|
|
Batting: RHB Jeremy Dennis
|
0-0: Ball 1-0: Ball 2-0: Ball 3-0: Base on Balls Jason Thrash to third Calvin Morin to second
|
|
Batting: RHB Hiromitsu Yamada
|
0-0: Called Strike 0-1: Ball 1-1: SINGLE (Groundball, 56, EV 95.6 MPH) Jason Thrash scores Calvin Morin to third Jeremy Dennis to second Runner from 3rd tries for Home, SAFE, throw by LF to home
|
|
Batting: LHB Danny Treto
|
0-0: Called Strike 0-1: Called Strike Jeremy Dennis steals 3rd base Hiromitsu Yamada to second 0-2: Strikes out looking
|
|
Pitching: RHP Frank Morris
|
|
|
Batting: RHB Reomel Somera
|
0-0: SINGLE (Line Drive, 7S, EV 108.8 MPH) Jeremy Dennis scores Hiromitsu Yamada to third Runner from 3rd tries for Home, SAFE, throw by LF to home
|
|
Batting: RHB Justin Dunham
|
0-0: Called Strike 0-1: Called Strike 0-2: Ball 1-2: Fly out, F5 (Line Drive, 5L, EV 73.1 MPH)
|
| Top of the 4th over - 4 runs, 4 hits, 0 errors, 1 left on base; Batavia 5 - West Virginia 2 |
| BOTTOM OF THE 4TH |
|
West Virginia Black Bears batting - Pitching for Batavia Muckdogs : RHP Rodolfo Mendez
|
|
Batting: RHB Tim Moore
|
0-0: Ball 1-0: Swinging Strike 1-1: Swinging Strike 1-2: Ground out 5-3 (Groundball, 56S, EV 78.8 MPH)
|
|
Batting: RHB Killian Jones
|
0-0: Swinging Strike 0-1: Called Strike 0-2: Strikes out swinging
|
|
Batting: LHB Aito Harada
|
0-0: Called Strike 0-1: Ball 1-1: Ball 2-1: SINGLE (Groundball, 34, EV 109.4 MPH)
|
|
Batting: RHB Bob Raine
|
0-0: Ground out 5-3 (Groundball, 56, EV 109.4 MPH)
|
| Bottom of the 4th over - 0 runs, 1 hit, 0 errors, 1 left on base; Batavia 5 - West Virginia 2 |
| TOP OF THE 5TH |
|
Batavia Muckdogs batting - Pitching for West Virginia Black Bears : RHP Frank Morris
|
|
Batting: SHB Greg Rivera
|
0-0: SOLO HOME RUN (Flyball, 9LD, EV 94.4 MPH), Distance : 338 ft
|
|
Batting: RHB Andy Kelly
|
0-0: Ball 1-0: Foul Ball, location: 2F 1-1: Ball 2-1: Foul Ball, location: 2F 2-2: Ball 3-2: SINGLE (Groundball, 6, EV 95.6 MPH)
|
|
Batting: RHB Jason Thrash
|
0-0: Called Strike 0-1: Foul Ball, location: 2F 0-2: Strikes out looking
|
|
Batting: RHB Calvin Morin
|
0-0: Fielders Choice at 2nd, 4-6 (Groundball, 34, EV 105.0 MPH)
|
|
Batting: RHB Jeremy Dennis
|
0-0: Ball Calvin Morin steals 2nd base (no throw) 1-0: Foul Ball, location: 2F 1-1: DOUBLE (Groundball, 5L, EV 101.9 MPH) Calvin Morin scores
|
|
Batting: RHB Hiromitsu Yamada
|
0-0: Swinging Strike 0-1: Called Strike 0-2: Foul Ball, location: 2F 0-2: Ball 1-2: Ball 2-2: Strikes out swinging
|
| Top of the 5th over - 2 runs, 3 hits, 0 errors, 1 left on base; Batavia 7 - West Virginia 2 |
| BOTTOM OF THE 5TH |
|
West Virginia Black Bears batting - Pitching for Batavia Muckdogs : RHP Rodolfo Mendez
|
|
Batting: RHB Tyler West
|
0-0: Ball 1-0: Called Strike 1-1: SINGLE (Groundball, 4M, EV 90.6 MPH) (infield hit)
|
|
Batting: RHB Dave Fredericks
|
0-0: Called Strike 0-1: Called Strike 0-2: Fielders Choice at 2nd, 5-4 (Groundball, 5, EV 80.6 MPH)
|
|
Batting: RHB Brandon White
|
0-0: Ball Wild Pitch! Dave Fredericks to second 1-0: Ground out 6-3 (Groundball, 6, EV 84.4 MPH) Dave Fredericks to third
|
|
Batting: RHB Jaime Dubicki
|
0-0: Ball 1-0: Foul Ball, location: 2F 1-1: Foul Ball, location: 2F 1-2: Strikes out swinging
|
| Bottom of the 5th over - 0 runs, 1 hit, 0 errors, 1 left on base; Batavia 7 - West Virginia 2 |
| TOP OF THE 6TH |
|
Batavia Muckdogs batting - Pitching for West Virginia Black Bears : RHP Frank Morris
|
|
Batting: LHB Danny Treto
|
0-0: Swinging Strike 0-1: Called Strike 0-2: Foul Ball, location: 2F 0-2: Strikes out looking
|
|
Pitching: RHP Mike Rosen
|
|
|
Batting: RHB Reomel Somera
|
0-0: Called Strike 0-1: Swinging Strike 0-2: Ball 1-2: Foul Ball, location: 2F 1-2: Ball 2-2: Fly out, F8 (Flyball, 8LD, EV 94.4 MPH)
|
|
Batting: RHB Justin Dunham
|
0-0: Ball 1-0: Ball 2-0: SINGLE (Line Drive, 9S, EV 112.5 MPH)
|
|
Batting: SHB Greg Rivera
|
0-0: Swinging Strike 0-1: Foul Ball, location: 2F 0-2: Strikes out swinging
|
| Top of the 6th over - 0 runs, 1 hit, 0 errors, 1 left on base; Batavia 7 - West Virginia 2 |
| BOTTOM OF THE 6TH |
|
West Virginia Black Bears batting - Pitching for Batavia Muckdogs : RHP Rodolfo Mendez
|
|
Batting: LHB Donald Imre
|
0-0: Ball 1-0: Called Strike 1-1: Foul Ball, location: 2F 1-2: Strikes out swinging
|
|
Batting: RHB Tim Moore
|
0-0: Called Strike 0-1: Ball 1-1: Ball 2-1: Foul Ball, location: 2F 2-2: Ball 3-2: Strikes out swinging
|
|
Batting: RHB Killian Jones
|
0-0: Foul Ball, location: 2F 0-1: Swinging Strike 0-2: Ball 1-2: Ball 2-2: Ball 3-2: Base on Balls
|
|
Batting: LHB Aito Harada
|
0-0: Ball 1-0: Called Strike 1-1: Foul Ball, location: 2F 1-2: Strikes out swinging
|
| Bottom of the 6th over - 0 runs, 0 hits, 0 errors, 1 left on base; Batavia 7 - West Virginia 2 |
| TOP OF THE 7TH |
|
Batavia Muckdogs batting - Pitching for West Virginia Black Bears : RHP Mike Rosen
|
|
Batting: RHB Andy Kelly
|
0-0: Foul Ball, location: 2F 0-1: Called Strike 0-2: Strikes out swinging
|
|
Batting: RHB Jason Thrash
|
0-0: Ball 1-0: SINGLE (Groundball, 34D, EV 97.5 MPH)
|
|
Batting: RHB Calvin Morin
|
0-0: Fly out, F7 (Line Drive, 7S, EV 88.8 MPH)
|
|
Batting: RHB Jeremy Dennis
|
0-0: Swinging Strike 0-1: Swinging Strike 0-2: Strikes out swinging
|
| Top of the 7th over - 0 runs, 1 hit, 0 errors, 1 left on base; Batavia 7 - West Virginia 2 |
| BOTTOM OF THE 7TH |
|
West Virginia Black Bears batting - Pitching for Batavia Muckdogs : RHP Rodolfo Mendez
|
|
Batting: RHB Bob Raine
|
0-0: Called Strike 0-1: Swinging Strike 0-2: Ball 1-2: Ball 2-2: Ball 3-2: Base on Balls
|
|
Pitching: RHP Alfonso Mier
|
|
|
Batting: RHB Tyler West
|
0-0: Called Strike 0-1: Foul Ball, location: 2F 0-2: Ball 1-2: Foul Ball, location: 2F 1-2: Ball 2-2: Foul Ball, location: 2F 2-2: Ball 3-2: Strikes out swinging
|
|
Batting: RHB Dave Fredericks
|
0-0: Foul Ball, location: 2F 0-1: Ball 1-1: Foul Ball, location: 2F 1-2: Strikes out swinging
|
|
Batting: RHB Brandon White
|
0-0: Called Strike 0-1: Called Strike 0-2: Strikes out looking
|
| Bottom of the 7th over - 0 runs, 0 hits, 0 errors, 1 left on base; Batavia 7 - West Virginia 2 |
| TOP OF THE 8TH |
|
Batavia Muckdogs batting - Pitching for West Virginia Black Bears : RHP Mike Rosen
|
|
Pitching: LHP Norm Silveira-Wray
|
|
|
Batting: RHB Hiromitsu Yamada
|
0-0: Ball 1-0: Foul Ball, location: 2F 1-1: Foul Ball, location: 2F 1-2: Foul Ball, location: 2F 1-2: Ball 2-2: Fly out, F8 (Flyball, 8RD, EV 75.6 MPH)
|
|
Batting: LHB Danny Treto
|
0-0: Called Strike 0-1: SINGLE (Groundball, 34D, EV 103.8 MPH)
|
|
Batting: RHB Reomel Somera
|
0-0: Fielders Choice at 2nd, 6-4 (Groundball, 6, EV 93.8 MPH)
|
|
Batting: RHB Justin Dunham
|
0-0: Called Strike 0-1: Ball 1-1: Ball 2-1: Ball 3-1: Swinging Strike 3-2: Fly out, F8 (Flyball, 8LS, EV 85.0 MPH)
|
| Top of the 8th over - 0 runs, 1 hit, 0 errors, 1 left on base; Batavia 7 - West Virginia 2 |
| BOTTOM OF THE 8TH |
|
West Virginia Black Bears batting - Pitching for Batavia Muckdogs : RHP Alfonso Mier
|
|
Batting: RHB Jaime Dubicki
|
0-0: Swinging Strike 0-1: Ball 1-1: Ground out 5-3 (Groundball, 56, EV 100.6 MPH)
|
|
Batting: LHB Donald Imre
|
0-0: Fly out, F6 (Popup, P, EV 81.9 MPH)
|
|
Batting: RHB Tim Moore
|
0-0: Swinging Strike 0-1: Ball 1-1: Ball 2-1: Called Strike 2-2: Foul Ball, location: 2F 2-2: Ball 3-2: Base on Balls
|
|
Batting: RHB Killian Jones
|
0-0: Called Strike 0-1: Fielders Choice at 2nd, 6-4 (Groundball, 6, EV 89.4 MPH)
|
| Bottom of the 8th over - 0 runs, 0 hits, 0 errors, 1 left on base; Batavia 7 - West Virginia 2 |
| TOP OF THE 9TH |
|
Batavia Muckdogs batting - Pitching for West Virginia Black Bears : LHP Norm Silveira-Wray
|
|
Batting: SHB Greg Rivera
|
0-0: Ball 1-0: Swinging Strike 1-1: SINGLE (Groundball, 56S, EV 69.4 MPH) (infield hit)
|
|
Batting: RHB Andy Kelly
|
0-0: Ball 1-0: Called Strike 1-1: Ball 2-1: Called Strike 2-2: Foul Ball, location: 2F 2-2: SINGLE (Line Drive, 9LS, EV 95.0 MPH) Greg Rivera to second
|
|
Batting: RHB Jason Thrash
|
0-0: Called Strike 0-1: Foul Ball, location: 2F 0-2: Ball 1-2: Grounds into double play, 5-4-3 (Groundball, 5, EV 79.4 MPH) Greg Rivera to third
|
|
Batting: RHB Calvin Morin
|
0-0: Called Strike 0-1: Swinging Strike 0-2: Ball 1-2: Foul Ball, location: 2F 1-2: SINGLE (Groundball, 5S, EV 68.8 MPH) (infield hit) Greg Rivera scores
|
|
Batting: RHB Jeremy Dennis
|
0-0: Ball 1-0: Ball 2-0: DOUBLE (Flyball, 8LD, EV 100.0 MPH) Calvin Morin to third Runner from 3rd tries for Home, SAFE, throw by CF to home
|
|
Pinch Hitting: RHB Justin Layton
|
0-0: Called Strike 0-1: Swinging Strike 0-2: Ball 1-2: Foul Ball, location: 2F 1-2: SINGLE (Groundball, 4MD, EV 100.6 MPH) (infield hit) Jeremy Dennis to third
|
|
Pinch Hitting: RHB George Boivin
|
0-0: Ball 1-0: Swinging Strike 1-1: Foul Ball, location: 2F 1-2: Strikes out swinging
|
| Top of the 9th over - 2 runs, 5 hits, 0 errors, 2 left on base; Batavia 9 - West Virginia 2 |
| BOTTOM OF THE 9TH |
|
West Virginia Black Bears batting - Pitching for Batavia Muckdogs : RHP Alfonso Mier
|
|
Now in LF: George Boivin
|
|
|
Now in RF: Justin Layton
|
|
|
Batting: LHB Aito Harada
|
0-0: Called Strike 0-1: Ball 1-1: Ball 2-1: Swinging Strike 2-2: Ground out 3-1 (Groundball, 34, EV 91.9 MPH)
|
|
Batting: RHB Bob Raine
|
0-0: Ball 1-0: Ground out U3 (Groundball, 34S, EV 89.4 MPH)
|
|
Batting: RHB Tyler West
|
0-0: SINGLE (Line Drive, 9LS, EV 92.5 MPH)
|
|
Batting: RHB Dave Fredericks
|
0-0: Called Strike 0-1: Ball 1-1: Ball 2-1: Foul Ball, location: 2F 2-2: Strikes out swinging
|
| Bottom of the 9th over - 0 runs, 1 hit, 0 errors, 1 left on base; Batavia 9 - West Virginia 2 |
|